 Dungeon Crawl Stone Soup version 0.18.1-50-g88ac8fd (webtiles) character file.

136 kurovuster the Charmwright (level 4, -2/30 HPs)
             Began as a High Elf Skald on Oct 22, 2016.
             Slain by an adder (3 damage)
             ... on level 3 of the Dungeon on Oct 23, 2016.
             The game lasted 00:13:24 (3107 turns).

kurovuster the Charmwright (High Elf Skald)         Turns: 3107, Time: 00:13:24

Health: -2/30      AC:  3    Str: 11    XL:     4   Next: 98%
Magic:  9/9        EV: 12    Int: 17    God:
Gold:   78         SH:  0    Dex: 14    Spells: 1 memorised, 7 levels left

rFire  . . .     SeeInvis .     a - +0 short sword
rCold  . . .     Gourm    .     b - +0 leather armour
rNeg   . . .     Faith    .     (no shield)
rPois  .         Spirit   .     (no helmet)
rElec  .         Dismiss  .     (no cloak)
rCorr  .         Reflect  .     (no gloves)
SustAt .         Harm     .     (no boots)
MR     .....                    (no amulet)
Stlth  +.........               (no ring)
                                (no ring)

@: lethally poisoned (-2 -> -7), not resistant to hostile enchantments, very
unstealthy
A: no striking features
a: no special abilities


You were on level 3 of the Dungeon.
You were not hungry.

You visited 1 branch of the dungeon, and saw 3 of its levels.

You collected 78 gold pieces.

Inventory:

Hand Weapons
 a - a +0 short sword (weapon)
Armour
 b - a +0 leather armour (worn)
Wands
 i - a wand of disintegration (11/24)
Scrolls
 e - a scroll of identify
 h - a scroll of enchant armour {unknown}
 j - 2 scrolls of amnesia {unknown}
 k - 2 scrolls of immolation {unknown}
 m - a scroll of fear {unknown}
Potions
 n - a potion of resistance
 o - a potion of curing
 p - a potion of invisibility
 q - a potion of lignification {unknown}
Books
 c - a book of Battle

   Spells                             Type                      Level
   a - Infusion                       Charms                       1
   b - Shroud of Golubria             Charms/Translocation         2
   c - Song of Slaying                Charms                       2
   d - Spectral Weapon                Hexes/Charms                 3
   e - Regeneration                   Charms/Necromancy            3
Comestibles
 d - 2 bread rations
 l - a beef jerky


   Skills:
 + Level 2.4 Fighting
 + Level 3.1 Short Blades
 + Level 2.1 Armour
 + Level 2.9 Dodging
 + Level 0.5 Stealth
 + Level 2.7 Spellcasting
 + Level 4.3 Charms


You had 7 spell levels left.
You knew the following spells:

 Your Spells              Type           Power        Failure   Level  Hunger
a - Infusion              Chrm           ###.         4%          1    #......


Dungeon Overview and Level Annotations

Branches:
Dungeon (3/15)

Altars:

Annotations:
D:3 Natasha


Message History

The adder poisons you!
You hit the adder.
The adder is moderately wounded.
You feel sick. The adder barely misses you.
You hit the adder.
The adder is heavily wounded.
The adder bites you.
* * * LOW HITPOINT WARNING * * *
You are lethally poisoned!
The adder poisons you!
You hit the adder.
The adder is severely wounded.
* * * LOW HITPOINT WARNING * * *
You feel sick. The adder bites you.
* * * LOW HITPOINT WARNING * * *
You barely miss the adder.
The adder is severely wounded.
* * * LOW HITPOINT WARNING * * *
You feel sick. The adder bites you.
You die...

...#######
.........#
........#
#......#
#......#
#......#
####......#
......S@..#
####......#
#......#
########


You could see an adder.

Vanquished Creatures
  Ijyb (D:2)
  An adder (D:2)
  4 gnolls (D:2)
  An ooze (D:2)
  3 worms (D:2)
  A giant gecko (D:2)
  7 bats
  2 giant cockroaches
  7 goblins
  4 hobgoblins
  6 jackals
  A quokka (D:2)
  2 ball pythons
  4 kobolds
  9 rats
53 creatures vanquished.

Notes
Turn   | Place    | Note
--------------------------------------------------------------
     0 | D:1      | kurovuster the High Elf Skald began the quest for the Orb.
     0 | D:1      | Reached XP level 1. HP: 14/14 MP: 4/4
   144 | D:1      | Reached skill level 4 in Charms
   422 | D:1      | Reached XP level 2. HP: 19/19 MP: 6/6
   474 | D:1      | Reached skill level 1 in Armour
  1348 | D:2      | Reached XP level 3. HP: 18/24 MP: 7/7
  2187 | D:2      | Noticed Ijyb
  2224 | D:2      | Killed Ijyb
  2224 | D:2      | Reached XP level 4. HP: 12/30 MP: 2/8
  3092 | D:3      | Noticed Natasha
  3107 | D:3      | HP: 1/30 [poisoned by an adder]
  3107 | D:3      | Slain by an adder

Skill      XL: |  1  2  3  4 |
---------------+-------------+-----
Charms         | 4 |  4.3
Armour         | 1 2 |  2.1
Dodging        | 2 |  2.9
Short Blades   | 3 |  3.1
Fighting       | |  2.4
Stealth        | |  0.5
Spellcasting   | |  2.7

Action                   |  1- 3 |  4- 6 || total
-------------------------+-------+-------++-------
Melee: Short sword       |   187 |    74 ||   261
 Cast: Infusion          |     5 |     2 ||     7
  Use: Scroll            |     3 |     3 ||     6
       Potion            |     1 |     1 ||     2
  Eat: Meat ration       |     1 |     1 ||     2
Armor: Leather armour    |    66 |     9 ||    75
Dodge: Dodged            |   127 |    53 ||   180
